 Dungeon Crawl Stone Soup version 0.15-a0-1723-gae8f746 (webtiles) character file.

3381 Psiweapon the Carver (level 9, 0/56 HPs)
             Began as a High Elf Fighter on June 26, 2014.
             Was a Follower of Okawaru.
             Slain by a soldier ant (7 damage)
             ... on Level 9 of the Dungeon.
             The game lasted 00:49:34 (9979 turns).

Psiweapon the Carver (High Elf Fighter)             Turns: 9979, Time: 00:49:34

HP   0/56        AC 15     Str 20      XL: 9   Next: 74%
MP  15/15        EV  6     Int 16 (18) God: Okawaru [*.....]
Gold 371         SH 11     Dex 16      Spells:  0 memorised,  8 levels left

rFire  . . .     SeeInvis .     a - +4 long sword (holy)
rCold  . . .     Clarity  .     n - +0 chain mail
rNeg   . . .     rCorr    .     c - +0 shield
rPois  .         rRot     .     j - +0 helmet
rElec  .         Spirit   .     M - +0 cloak
SustAb .         Warding  .     (no gloves)
rMut   .         Stasis   .     (no boots)
Gourm  .                        p - amulet of rage
MR     .....                    P - +3 ring of strength
                                w - +5 ring of intelligence

@: lethally poisoned, about to teleport, heroism, not resistant to hostile
enchantments, extremely unstealthy
A: claws 1
a: Heroism, Renounce Religion, Evoke Berserk Rage


You were on level 9 of the Dungeon.
You worshipped Okawaru.
Okawaru was aware of your devotion.
You were not hungry.

You visited 2 branches of the dungeon, and saw 10 of its levels.

You collected 395 gold pieces.
You spent 24 gold pieces at shops.

Inventory:

Hand weapons
 a - a +4 long sword of holy wrath (weapon)
 b - a +0 blowgun
 H - a +2 sling of flaming
 N - a +0 long sword
Missiles
 h - 49 sling bullets
 u - 39 poisoned needles
 D - a throwing net (quivered)
 I - 19 stones
Armour
 c - a +0 shield (worn)
 e - a +0 cloak
 j - a +0 helmet (worn)
 n - a +0 chain mail (worn)
 M - a +0 cloak (worn)
Magical devices
 K - a wand of enslavement (0)
Comestibles
 d - a bread ration
 i - 5 meat rations
 k - 3 royal jellies
 o - a beef jerky
 U - a slice of pizza
Scrolls
 f - 2 scrolls of fear {unknown}
 g - a scroll of immolation
 l - 3 scrolls of teleportation
 s - 2 scrolls of fog {unknown}
 t - a scroll of random uselessness
 x - a scroll of recharging {unknown}
 y - a scroll of magic mapping {unknown}
 C - 3 scrolls of identify
 F - a scroll of vulnerability {unknown}
 R - a scroll of remove curse
Jewellery
 p - an amulet of rage (around neck)
 w - a +5 ring of intelligence (left claw)
 P - a +3 ring of strength (right claw)
Potions
 m - a potion of confusion
 q - a potion of magic
 r - a potion of might
 v - 2 potions of haste
 z - 2 potions of restore abilities
 A - a potion of paralysis
 B - a potion of flight
 E - a potion of berserk rage
 J - a potion of resistance {unknown}
 L - a potion of degeneration
 O - a potion of brilliance {unknown}
 Q - a potion of beneficial mutation {unknown}
Books
 S - Sif Muna's Almanac of Enchantment
   (You found it on level 9 of the Dungeon)

   Spells                             Type                      Level
   Confusing Touch                    Hexes                        2
   Slow                               Hexes                        2
   Confuse                            Hexes                        3
   Cause Fear                         Hexes                        4
   Invisibility                       Hexes                        6


   Skills:
 - Level 3.1(8.1) Fighting
 + Level 13.8(18.8) Long Blades
 + Level 6.9(11.9) Armour
 - Level 2.9(7.9) Shields


You had 8 spell levels left.
You didn't know any spells.

Dungeon Overview and Level Annotations

Branches:
Dungeon (9/15)             Temple (1/1) D:6
    Orc: D:9-12        Lair: D:8-11

Altars:
Ashenzari
Cheibriados
Dithmenos
Elyvilon
Fedhas
Gozag
Kikubaaqudgha
Makhleb
Nemelex Xobeh
Okawaru
Qazlal
Sif Muna
Trog
Vehumet
Xom
Yredelemnul
Zin
The Shining One

Shops:
D:4 }   D:7 ?   D:9 ?

Annotations:
D:3 exclusion: goblin
D:8 Maurice


Innate Abilities, Weirdness & Mutations

You have sharp fingernails.


Message History

As you read the scroll of teleportation, it crumbles to dust.
You feel strangely unstable. The worker ant barely misses you.
You block the soldier ant's attack.
The boring beetle bites you but does no damage.
Drink which item? (? for menu, Esc to quit)
Magic courses through your body.
It was a potion of magic.
The worker ant bites you but does no damage.
The soldier ant stings you but does no damage.
Drink which item? (? for menu, Esc to quit)
There was something very wrong with that liquid!
You feel dopey.
It was a potion of degeneration.
You block the worker ant's attack.
The boring beetle bites you but does no damage.
You block the soldier ant's attack.
Drink which item? (? for menu, Esc to quit)
That liquid tasted very nasty...
You are poisoned.
It was a potion of poison.
* * * LOW HITPOINT WARNING * * *
You feel sick. You block the worker ant's attack. The soldier ant stings you!
You die...

####### #[....## #...#..#
####.##.### ####
#....##.#B# #..#
#.####.#a## #..# #.#
##.#@# #..# #.# #.#aB#
#..# #.# ##.#.# #..# #.#
##+## #..# #<# #..#
#.##### #####..#
#.....####......##########
#...).............))......
#.................########


You could see a boring beetle, a soldier ant and a worker ant.

Vanquished Creatures
  Grinder (D:3)
  An ice beast (D:9)
  An orc warrior (D:9)
  3 phantoms
  A black bear (D:4)
  5 ogres
  3 sky beasts
  4 centaurs
  Duvessa (D:5)
  4 giant frogs
  2 scorpions
  Dowan (D:5)
  2 crimson imps
  A goliath beetle (D:8)
  A giant frog skeleton (D:4)
  2 hounds
  A jelly (D:6)
  An iguana (D:6)
  8 orc priests
  4 orc wizards
  4 worker ants
  Ijyb (D:3)
  3 gnolls (D:4)
  A hound skeleton (D:4)
  Natasha (twice) (D:3)
  13 adders
  2 giant mites
  An inept feature mimic (D:6)
  An inept item mimic (D:2)
  A shadow imp (D:7)
  3 worms
  An adder skeleton (D:4)
  An adder zombie (D:5)
  5 giant geckos
  2 oozes
  37 orcs
  4 giant cockroaches
  14 hobgoblins
  18 jackals
  12 kobolds
  2 quokkas
  13 bats
  A giant gecko skeleton (D:4)
  6 giant newts
  A giant spore (D:8)
  17 goblins
  3 orc skeletons
  8 rats
  A plant (D:2)
225 creatures vanquished.

Vanquished Creatures (collateral kills)
  An orc priest (D:8)
  An orc (D:8)
  A bat (D:9)
3 creatures vanquished.

Vanquished Creatures (others)
  Natasha (D:3)
  A quokka (D:8)
  A bat (D:3)
  A ballistomycete (D:8)
4 creatures vanquished.

Grand Total: 232 creatures vanquished

Notes
Turn   | Place    | Note
--------------------------------------------------------------
     0 | D:1      | Psiweapon, the High Elf Fighter, began the quest for the Orb.
     0 | D:1      | Reached XP level 1. HP: 16/16 MP: 2/2
   120 | D:1      | Reached XP level 2. HP: 21/21 MP: 3/3
   858 | D:2      | Reached XP level 3. HP: 13/26 MP: 5/5
  1406 | D:2      | Reached skill level 4 in Long Blades
  1596 | D:2      | Reached XP level 4. HP: 16/31 MP: 7/7
  2135 | D:3      | Noticed Grinder
  2181 | D:3      | Killed Grinder
  2181 | D:3      | Reached skill level 7 in Long Blades
  2181 | D:3      | Reached XP level 5. HP: 13/36 MP: 8/8
  2181 | D:3      | Reached XP level 6. HP: 15/42 MP: 10/10
  2397 | D:3      | Noticed Ijyb
  2415 | D:3      | Killed Ijyb
  2428 | D:3      | Noticed Natasha
  2437 | D:3      | Killed Natasha
  2586 | D:3      | Reached skill level 8 in Long Blades
  3466 | D:4      | Reached skill level 9 in Long Blades
  3466 | D:4      | Reached XP level 7. HP: 33/46 MP: 12/12
  3727 | D:4      | Found Vavouq's Gadget Shoppe.
  4210 | D:4      | Reached skill level 10 in Long Blades
  4642 | D:5      | Entered Level 5 of the Dungeon
  4642 | D:5      | Noticed Duvessa
  4642 | D:5      | Noticed Dowan
  4652 | D:5      | Killed Duvessa
  4652 | D:5      | Reached XP level 8. HP: 28/52 MP: 13/13
  4655 | D:5      | Killed Dowan
  4655 | D:5      | Reached skill level 11 in Long Blades
  5864 | D:3      | Noticed Natasha
  5875 | D:3      | Killed Natasha
  5917 | D:3      | Noticed Natasha
  5924 | D:3      | Killed Natasha
  6277 | D:6      | Reached skill level 12 in Long Blades
  6465 | D:6      | Found Luujup's Food Shop.
  6475 | D:6      | Luujup's Food Shop was a mimic.
  6669 | D:6      | Found a bloodstained altar of Trog.
  6680 | D:6      | Found a deep blue altar of Sif Muna.
  6680 | D:6      | Found a shattered altar of Ashenzari.
  6680 | D:6      | Found a basalt altar of Yredelemnul.
  6684 | D:6      | Found an opulent altar of Gozag.
  6687 | D:6      | Found a white marble altar of Elyvilon.
  6723 | D:6      | Gained mutation: You have sharp fingernails. [mutagenic meat]
  6795 | D:6      | Found a staircase to the Ecumenical Temple.
  6818 | Temple   | Entered the Ecumenical Temple
  6974 | Temple   | Became a worshipper of Warmaster Okawaru
  7219 | D:7      | Found Saitaenk's Magic Scroll Shoppe.
  7280 | D:7      | Bought a scroll of identify for 24 gold pieces
  7562 | D:7      | Reached skill level 5 in Armour
  7562 | D:7      | Reached XP level 9. HP: 39/56 MP: 15/15
  8587 | D:8      | Noticed Maurice
  8659 | D:9      | Reached skill level 13 in Long Blades
  8858 | D:9      | Acquired Okawaru's first power
  8996 | D:9      | Found Ehaluagh's Magic Scroll Shoppe.
  9165 | D:9      | Identified Sif Muna's Almanac of Enchantment
  9979 | D:9      | Slain by a soldier ant

Action                   |  1- 3 |  4- 6 |  7- 9 || total
-------------------------+-------+-------+-------++-------
Melee: Long sword        |   137 |   289 |   513 ||   939
 Fire: Blowgun           |       |       |    91 ||    91
       Sling             |       |       |     5 ||     5
Throw: Throwing net      |       |       |     1 ||     1
Invok: Heroism           |       |       |     1 ||     1
Evoke: Wand              |       |       |     5 ||     5
  Use: Potion            |       |       |     8 ||     8
       Scroll            |       |       |    18 ||    18
 Stab: Confused          |       |     1 |       ||     1
